 Dungeon Crawl Stone Soup version 0.30.0-18-gc0e69614cb (webtiles) character file.

Game seed: 8146764015968164298

16750 RascalDebosk the Fighter (level 12, -18/95 HPs)
             Began as a Djinni Conjurer on May 22, 2023.
             Was a Follower of Ashenzari.
             Demolished by a two-headed ogre
             ... wielding a +0 dire flail
              (21 damage)
             ... on level 2 of the Orcish Mines on May 23, 2023.
             The game lasted 01:38:18 (12848 turns).

RascalDebosk the Fighter (Djinni Conjurer)         Turns: 12848, Time: 01:38:18

Health: -18/95     AC:  6    Str:  6    XL:     12   Next: 74%
Gold:   784        EV: 18    Int: 26    God:    Ashenzari [*.....] SH:  0 Dex: 13

rFire   + + .        D - +9 rapier "Regret of Ashenzari" {flame, Contam Int+2 SInv, Evo, Cun} (curse)
rCold   x . .        (no shield)
rNeg    . . .        I - +1 troll leather armour
rPois   ∞            K - +0 hat {Will+}
rElec   .            B - +0 cloak
rCorr   .            (no gloves)
SInv    +            (boots unavailable)
Will    +++..        J - amulet of the acrobat
Stlth   +++          q - +5 ring of evasion
HPRegen 1.15/turn    p - ring of Ashenzari's Omen {Will+, Melee, Self} (curse)
MPRegen 0.00/turn

%: acrobat, infuse magic (-19 HP)
@: mighty, flying
A: sickness immunity, fire resistance 2, cold vulnerability 1, float, innate
caster, HP casting, extra vitality 1
a: Renounce Religion, Shatter the Chains


You were on level 2 of the Orcish Mines.
You worshipped Ashenzari.
Ashenzari was aware of your devotion.
You visited 3 branches of the dungeon, and saw 15 of its levels.
You also visited: Sewer and Ossuary.

You collected 2026 gold pieces.
You spent 1242 gold pieces at shops.

Inventory:

Hand Weapons
 e - the +7 mace of Peace {heavy, *Noise rF+++ Will+ Int+3}
   (You found it on level 5 of the Dungeon)

   Int:       It affects your intelligence (+3).
   rF:        It renders you almost immune to fire.
   *Noise:    It may make noises in combat.
   Will:      It increases your willpower.
 n - a +5 quick blade of draining
 D - the cursed +9 rapier "Regret of Ashenzari" (weapon) {flame, Contam Int+2 SInv, Evo, Cun}
   (You bought it in a shop on level 12 of the Dungeon)

   Int:       It affects your intelligence (+2).
   SInv:      It lets you see invisible.
   Contam:    It causes magical contamination when unequipped.
   It has a curse which improves the following skills: Evocations: Evocations.
   Cunning:   Dodging and Stealth.
Armour
 i - a +0 kite shield
 B - a +0 cloak (worn)
 I - a +1 troll leather armour (worn)
 K - a +0 hat of willpower (worn)
 O - a +0 troll leather armour
Jewellery
 p - the cursed ring of Ashenzari's Omen (right hand) {Will+, Melee, Self}
   (You found it on level 10 of the Dungeon)

   [ring of willpower]

   Will:      It increases your willpower.
   It has a curse which improves the following skills: Melee Combat: Short
   Blades, Long Blades, Axes, Maces & Flails, Polearms, Staves and Unarmed
   Combat.
   Introspection: Fighting and Spellcasting.
 q - a +5 ring of evasion (left hand)
 J - an amulet of the acrobat (around neck)
Wands
 o - a wand of digging (11)
 r - a wand of mindburst (26)
 v - a wand of roots (23)
 z - a wand of polymorph (9)
 L - a wand of light (3)
Scrolls
 a - 4 scrolls of magic mapping
 f - 2 scrolls of fog
 g - a scroll of blinking
 j - 7 scrolls of vulnerability
 s - a scroll of brand weapon
 t - 2 scrolls of teleportation
 w - a scroll of enchant weapon
 y - a scroll of silence
 E - 3 scrolls of poison
 F - a scroll of butterflies
Potions
 b - 8 potions of curing
 d - 4 potions of cancellation
 h - 8 potions of heal wounds
 k - 5 potions of haste
 l - 5 potions of might
 m - 6 potions of attraction
 u - 3 potions of brilliance
 x - 4 potions of resistance
 A - 4 potions of lignification
 C - a potion of experience
 G - a potion of ambrosia
 H - 2 potions of degeneration
 M - a potion of invisibility
 N - a potion of mutation


   Skills:
 * Level 11.0(11.8) Fighting
 + Level 6.2(7.0) Short Blades
 + Level 3.4 Armour
 - Level 5.5(6.3) Dodging
 + Level 6.5(7.3) Stealth
 * Level 9.6(10.4) Spellcasting
 - Level 4.0(4.7) Evocations


You knew the following spells:

 Your Spells              Type           Power      Damage    Failure   Level
a - Magic Dart            Conj           100%       1d8       1%          1
b - Searing Ray           Conj           100%       2d8       1%          2
c - Dazzling Flash        Conj/Hex       100%       N/A       1%          3
d - Fulminant Prism       Conj/Hex       30%        3d15      1%          4
e - Iskenderun's Mystic   Conj/Tloc      61%        2d13      1%          4
f - Foxfire               Conj/Fire      100%       2x1d9     1%          1
g - Ensorcelled Hibernat  Hex/Ice        100%       N/A       1%          2
h - Passwall              Tmut/Erth      50%        N/A       1%          2
i - Swiftness             Air            61%        N/A       1%          3
j - Airstrike             Air            30%        2d(5-21)  1%          4
Your spell library was empty.

Dungeon Overview and Level Annotations

Branches:
Dungeon (12/15)            Temple (1/1) D:5            Lair (0/5) D:10
    Orc (2/2) D:10          Sewer (visited)         Ossuary (visited)
    Elf: Orc:2

Altars:
Ashenzari
Cheibriados
Dithmenos
Elyvilon
Fedhas
Gozag
Hepliaklqana
Makhleb
Nemelex Xobeh
Okawaru
Qazlal
Ru
Trog
Uskayaw
Wu Jian
Xom
Yredelemnul
Zin
The Shining One

Shops:
D:8 (   D:9 [   D:12 *   Orc:1 [

Annotations:
D:6 1 runed translucent door, Daunt's ghost, novice HOHu
D:9 3 runed translucent doors, NateTC's ghost, novice MiFi


Innate Abilities, Weirdness & Mutations

You are immune to sickness and miasma.
You are immune to poison.
Your flesh is very heat resistant. (rF++)
You are vulnerable to cold. (rC-)
You float through the air rather than walking.
You learn spells naturally, not from books.
Your magical power is your life essence.
You have superior vitality. (+4 MHP)


Message History

Press: ? - help, Dir - move target, f - deep elf zephyrmancer
Aim: a deep elf zephyrmancer, wielding a +0 rapier (moderately wounded, empty space bonus: 6/8)
The air twists around and strikes the deep elf zephyrmancer!
The deep elf zephyrmancer is heavily wounded.
Casting: Airstrike (mildly dangerous; 1% risk of failure)
Confirm with . or Enter, or press ? or * to list all spells.
You erupt in a blast of force!
The mystic blast hits the ogre!!
You kill the ogre!
You hear a shout!
The deep elf archer shoots an arrow.
The arrow hits you!!
The deep elf pyromancer points at you and mumbles some strange words.
The bolt of fire hits the orc priest!!
The orc priest dies!
The bolt of fire misses you.
The deep elf zephyrmancer casts a spell.
The deep elf zephyrmancer blinks!
Your Fighting skill increases to level 11!
Casting: Iskenderun's Mystic Blast (mildly dangerous; 1% risk of failure)
Confirm with . or Enter, or press ? or * to list all spells.
You erupt in a blast of force!
The mystic blast hits the ogre!!
The ogre is almost dead.
The ogre is knocked back by the mystic blast.
The ogre collides with the ogre!
The ogre is heavily wounded.
You kill the ogre!
The deep elf archer shoots an arrow.
The arrow hits you!!
* * * LOW HITPOINT WARNING * * *
The deep elf archer shoots an arrow.
The arrow barely misses you.
You fly upwards.
There is a stone staircase leading down here.
You start resting.
HP restored.
You fly downwards.
The deep elf archer shoots an arrow.
The arrow hits you!!
The deep elf zephyrmancer casts a spell at you.
The bolt of lightning hits you!!
* * * LOW HITPOINT WARNING * * *
The ogre closely misses you. The deep elf pyromancer misses you.
You hear a shout! x3
There is a stone staircase leading up here.
Casting: Iskenderun's Mystic Blast (mildly dangerous; 1% risk of failure)
Confirm with . or Enter, or press ? or * to list all spells.
You erupt in a blast of force!
The mystic blast hits the deep elf pyromancer!
The deep elf pyromancer is lightly wounded.
The deep elf pyromancer is knocked back by the mystic blast.
The deep elf pyromancer slams into the rock wall!
The deep elf pyromancer is moderately wounded.
The mystic blast hits the ogre.
The ogre is moderately wounded.
The ogre is knocked back by the mystic blast.
The ogre slams into the rock wall!
The ogre is severely wounded.
* * * LOW HITPOINT WARNING * * *
The deep elf zephyrmancer casts a spell at you.
The bolt of lightning misses you.
You hear a shout! x3
Casting: Iskenderun's Mystic Blast (mildly dangerous; 1% risk of failure)
Confirm with . or Enter, or press ? or * to list all spells.
You erupt in a blast of force!
The mystic blast hits the deep elf pyromancer!!
The deep elf pyromancer is almost dead.
The deep elf pyromancer is knocked back by the mystic blast.
The deep elf pyromancer slams into the rock wall!
You kill the deep elf pyromancer!
The mystic blast hits the ogre!!
You kill the ogre!
* * * LOW HITPOINT WARNING * * *
The deep elf archer shoots an arrow.
The arrow hits you!
* * * LOW HITPOINT WARNING * * *
The deep elf zephyrmancer gestures wildly while chanting.
The deep elf zephyrmancer blinks!
You fly upwards.
There is a stone staircase leading down here.
You start resting.
HP restored.
You feel very mighty all of a sudden.
You fly downwards.
The orc warlord shouts!
The two-headed ogre hits you with a +0 dire flail!!
The two-headed ogre hits you with a +0 giant club!!
The orc warlord roars a battlecry!
The orc warriors go into a battle-frenzy!
The orc warrior hits you with a +0 short sword!
* * * LOW HITPOINT WARNING * * *
The orc warrior hits you with a +0 flail!!
* * * LOW HITPOINT WARNING * * *
The deep elf pyromancer casts a spell.
The orc warrior hits you with a +0 flail!
* * * LOW HITPOINT WARNING * * *
The orc warrior misses you.
There is a stone staircase leading up here.
Casting: Iskenderun's Mystic Blast (mildly dangerous; 1% risk of failure)
Confirm with . or Enter, or press ? or * to list all spells.
You don't have enough health to cast this spell.
The deep elf archer gestures wildly while chanting.
The deep elf archer blinks!
The deep elf zephyrmancer casts a spell.
The deep elf zephyrmancer blinks!
The two-headed ogre hits you with a +0 dire flail!!
You die...

....... ....<..
.......
.......##
........## #
.........## ...
........o.#.o)..
.......@o)[..o[o
..##...Oo....E..
#....§)e...[.
##..§..#E#...
##....### #8
...... ...e....
.........#


You could see an orc warlord, an orc high priest (strong), a two-headed ogre, a
deep elf pyromancer, a deep elf zephyrmancer, 2 fire elementals and 3 orc
warriors.

Vanquished Creatures
  Gastronok (D:11)
  Erolcha (D:9)
  A two-headed ogre (D:12)
  A boulder beetle (D:12)
  An orc high priest (Orc:1)
  Sonja (D:10)
  A deep elf pyromancer (Orc:2)
  2 gargoyles (D:11)
  An unseen horror (D:10)
  Psyche (D:8)
  2 hornets
  9 trolls
  A wyvern (D:9)
  A wraith (D:11)
  2 shadows
  6 yaks (D:9)
  4 vampire mosquitoes (D:12)
  Edmund (D:4)
  4 wargs
  17 orc warriors
  3 black bears
  2 sky beasts
  7 ogres
  4 centaurs
  4 bullfrogs
  8 kobold brigands
  3 gnoll sergeants
  2 scorpions
  6 killer bees (D:11)
  4 howler monkeys
  4 centaur zombies (Ossuary)
  2 gnoll boudas
  A hound (D:4)
  3 jellies
  7 orc priests
  Crazy Yiuf (D:4)
  3 sleepcaps
  3 iguanas
  20 orc wizards
  Natasha (thrice) (D:4)
  6 mummies
  10 adders
  26 gnolls
  2 shadow imps
  3 white imps
  3 ufetubi
  4 worms
  2 dart slugs
  54 orcs
  12 endoplasms
  5 giant cockroaches
  8 goblins
  8 hobgoblins
  35 kobolds
  4 quokkas
  10 ball pythons
  2 bats
  7 frilled lizards
  3 hobgoblin zombies (Ossuary)
  10 rats
  A fulminant prism (D:9)
363 creatures vanquished.

Vanquished Creatures (others)
  An orc priest (Orc:2)
  83 foxfires
  59 fulminant prisms
143 creatures vanquished.

Grand Total: 506 creatures vanquished

Notes
Turn   | Place    | Note
-------+----------+-------------------------------------------
     0 | D:1      | RascalDebosk the Djinni Conjurer began the quest for the
                  | Orb.
     0 | D:1      | RascalDebosk set off with the following spells memorised:
                  | Magic Dart, Searing Ray, Dazzling Flash, Fulminant Prism,
                  | Iskenderun's Mystic Blast.
     0 | D:1      | Reached XP level 1. HP: 15/15 MP: 0/0
   174 | D:1      | Reached XP level 2. HP: 19/21 MP: 0/0
   400 | D:1      | You are sucked into a shaft and drop 1 floor!
   453 | D:1      | Found a faded altar of an unknown god.
   751 | D:2      | Reached XP level 3. HP: 23/25 MP: 0/0
   751 | D:2      | Learned a level 1 spell: Foxfire
  1169 | D:2      | Reached XP level 4. HP: 17/31 MP: 0/0
  1414 | D:2      | Reached skill level 1 in Fighting
  1877 | D:3      | Found a glowing drain.
  1891 | Sewer    | Entered a sewer
  1968 | Sewer    | Reached skill level 1 in Evocations
  1968 | Sewer    | Reached XP level 5. HP: 28/37 MP: 0/0
  1968 | Sewer    | Learned a level 2 spell: Ensorcelled Hibernation
  2103 | Sewer    | Reached skill level 1 in Short Blades
  3048 | D:3      | Noticed a kobold brigand
  3049 | D:3      | Noticed a kobold brigand
  3058 | D:3      | Killed a kobold brigand
  3059 | D:3      | Reached skill level 2 in Fighting
  3059 | D:3      | Reached XP level 6. HP: 25/43 MP: 0/0
  3240 | D:4      | Noticed Edmund
  3254 | D:4      | Noticed Natasha
  3256 | D:4      | Killed Edmund
  3257 | D:4      | Reached skill level 3 in Fighting
  3257 | D:4      | Reached XP level 7. HP: 22/50 MP: 0/0
  3257 | D:4      | Learned a level 2 spell: Passwall
  3261 | D:4      | Killed Natasha
  3265 | D:4      | Reached skill level 5 in Spellcasting
  3792 | D:4      | Noticed Natasha
  3793 | D:4      | Reached skill level 4 in Fighting
  3793 | D:4      | Reached XP level 8. HP: 54/58 MP: 0/0
  3797 | D:4      | Killed Natasha
  3808 | D:4      | Noticed Natasha
  3811 | D:4      | Killed Natasha
  4015 | D:4      | Noticed a hornet
  4027 | D:4      | Killed a hornet
  4229 | D:4      | Found an iron altar of Okawaru.
  4234 | D:4      | Found a blossoming altar of Fedhas.
  4366 | D:4      | Found a runed translucent door.
  4367 | D:4      | Noticed Crazy Yiuf
  4373 | D:4      | Killed Crazy Yiuf
  4558 | D:4      | Found a sparkling altar of Nemelex Xobeh.
  4580 | D:5      | Entered Level 5 of the Dungeon
  4855 | D:5      | Found a staircase to the Ecumenical Temple.
  4862 | D:5      | Reached skill level 5 in Fighting
  4870 | Temple   | Entered the Ecumenical Temple
  4940 | Temple   | Became a worshipper of Ashenzari the Shackled
  5407 | D:5      | Identified the +7 mace of Peace {heavy, *Noise rF+++ Will+
                  | Int+3}
  5718 | D:6      | Reached XP level 9. HP: 53/65 MP: 0/0
  5718 | D:6      | Learned a level 3 spell: Swiftness
  5973 | D:6      | Found a sand-covered staircase.
  5981 | Ossuary  | Entered an ossuary
  5992 | Ossuary  | Reached skill level 6 in Fighting
  6241 | D:6      | Found a runed translucent door.
  6691 | D:6      | Noticed Daunt's ghost (novice HOHu)
  7119 | D:7      | Reached skill level 7 in Fighting
  7296 | D:7      | Found a white marble altar of Elyvilon.
  7660 | D:8      | Noticed Psyche
  7668 | D:8      | Killed Psyche
  7669 | D:8      | Reached XP level 10. HP: 64/75 MP: 0/0
  7725 | D:8      | Identified 2 scrolls of acquirement
  7725 | D:8      | Acquired a +5 quick blade of draining
  7726 | D:8      | Acquired 949 gold pieces
  7760 | D:8      | Found Lucweid's Antique Weapon Boutique.
  7772 | D:8      | Bought a dazzling long sword for 221 gold pieces
  7772 | D:8      | Identified the +7 long sword of the Tundras {spect, rElec
                  | Will+ Int+5 Dex-5} (You bought it in a shop on level 8 of
                  | the Dungeon)
  7861 | D:8      | Found Zasoq's Distillery.
  7870 | D:8      | Bought a potion of degeneration for 13 gold pieces
  7870 | D:8      | Bought a potion of haste for 130 gold pieces
  7870 | D:8      | Bought a potion of haste for 130 gold pieces
  7870 | D:8      | Bought a potion of attraction for 39 gold pieces
  7870 | D:8      | Bought a potion of cancellation for 104 gold pieces
  7870 | D:8      | Bought a potion of curing for 39 gold pieces
  7870 | D:8      | Bought a potion of attraction for 39 gold pieces
  8199 | D:9      | Found a runed translucent gate.
  8199 | D:9      | Found a runed translucent gate.
  8199 | D:9      | Found a runed translucent gate.
  8200 | D:9      | Upgraded the game from 0.30.0-17-ge0270778cf to
                  | 0.30.0-18-gc0e69614cb
  8220 | D:9      | Found Meyppic's Antique Armour Shop.
  8552 | D:9      | Noticed Erolcha
  8623 | D:9      | Killed Erolcha
  8624 | D:9      | Reached skill level 8 in Fighting
  8753 | D:9      | Noticed NateTC's ghost (novice MiFi)
  9360 | D:10     | Entered Level 10 of the Dungeon
  9372 | D:10     | Killed an unseen horror
  9373 | D:10     | Reached XP level 11. HP: 57/82 MP: 0/0
  9373 | D:10     | Learned a level 4 spell: Airstrike
  9696 | D:10     | Reached skill level 9 in Fighting
  9717 | D:10     | Reached skill level 5 in Stealth
  9779 | D:10     | Reached skill level 5 in Dodging
  9972 | D:10     | Found a staircase to the Orcish Mines.
 10147 | D:10     | Found a staircase to the Lair.
 10442 | D:10     | Noticed Sonja
 10459 | D:10     | Killed Sonja
 10579 | D:11     | Reached skill level 5 in Short Blades
 10783 | D:11     | Noticed Gastronok
 10792 | D:11     | Killed Gastronok
 10793 | D:11     | Reached skill level 10 in Fighting
 10793 | D:11     | Reached skill level 1 in Armour
 11203 | D:12     | Found Saecat's Assorted Antiques.
 11209 | D:12     | Bought a crude rapier for 279 gold pieces
 11209 | D:12     | Identified the +9 rapier of Pazoozuxa {flame, Contam Int+2
                  | SInv} (You bought it in a shop on level 12 of the Dungeon)
 11209 | D:12     | Bought a potion of cancellation for 248 gold pieces
 11362 | D:12     | Reached XP level 12. HP: 92/92 MP: 0/0
 11497 | D:12     | Found an iron altar of Okawaru.
 11513 | D:12     | Identified the +4 spear of Annoyance {elec, rElec rPois
                  | rN++ Int-5}
 11600 | D:12     | Noticed a two-headed ogre
 11608 | D:12     | Killed a two-headed ogre
 11698 | D:12     | Noticed a boulder beetle
 11720 | D:12     | Killed a boulder beetle
 12154 | Orc:1    | Entered Level 1 of the Orcish Mines
 12210 | Orc:1    | Noticed an orc high priest
 12214 | Orc:1    | Killed an orc high priest
 12550 | Orc:1    | Found Juizeob's Armour Emporium.
 12555 | Orc:1    | Reached * piety under Ashenzari
 12698 | Orc:2    | Entered Level 2 of the Orcish Mines
 12707 | Orc:2    | Noticed a two-headed ogre
 12709 | Orc:2    | Reached skill level 11 in Fighting
 12779 | Orc:2    | Noticed an orc high priest
 12847 | Orc:2    | Noticed an orc warlord
 12847 | Orc:2    | HP: 2/95 [orc warrior/+0 flail (9)]
 12848 | Orc:2    | Demolished by a two-headed ogre

Illustrated notes

Levels and vault maps discovered:
D:1:      psy_arrival_spokes, layout_basic,
          dreamdust_ecumenical_altar_angels_and_demons, skrybe_limestone_x
D:2:      layout_basic
D:3:      cheibrodos_thug_alley, layout_basic, cheibrodos_sewer_entry_bend,
          amethyst_killhole
D:4:      layout_loops_ring, lemuel_doored_altar, mainiacjoe_overflow_big_doors,
          chequers_serial_rivers_micro_b, uniq_natasha, uniq_crazy_yiuf_cottage,
          uniq_edmund
D:5:      layout_loops_cross, minmay_temple_entry_overgrown
D:6:      layout_rooms, gup_ossuary_entry_pyramid, ebering_ghost_reflecting_pool
D:7:      layout_rooms, lemuel_crystal_altar, nicolae_vehumet_altar_sigil,
          grunt_ministairs_4
D:8:      layout_rooms, serial_shops, nicolae_stop_n_shop_2, shop, uniq_psyche
D:9:      layout_roguey, gammafunk_ghost_icy, serial_shops, shop, uniq_erolcha
D:10:     layout_loops_ring, erik_lair_orcish_takeover, david_orc_4, uniq_sonja
D:11:     layout_rooms, uniq_gastronok
D:12:     layout_long_grid, serial_shops, shop, okawaru_ov_weapons_minmay
Temple:   minmay_crystal_spiral_temple
Orc:1:    layout_caves, serial_shops, nicolae_shop_getting_attention,
          abandoned_shop, mines1_david
Orc:2:    grunt_orc_tribal_feast, layout_diamond_mine, elf_legates, uniq_snorg

Skill      XL: |  1  2  3  4  5  6  7  8  9 10 11 12 |
---------------+-------------------------------------+-----
Spellcasting   | 4 5 6 7 8 9 |  9.6
Fighting       | 1 2 3 4 5 7 8 10 11 | 11.0
Evocations     | 1 2 3 4 |  4.0
Short Blades   | 1 2 3 4 5 6 |  6.2
Stealth        | 3 4 5 6 |  6.5
Dodging        | 4 5 |  5.5
Armour         | 1 3 |  3.4

Action                     |  1- 3 |  4- 6 |  7- 9 | 10-12 || total
---------------------------+-------+-------+-------+-------++-------
  Melee: Dagger            |     8 |       |    11 |       ||    19
         Mace              |       |       |     6 |       ||     6
         Quick blade       |       |       |       |    58 ||    58
         Punch             |       |       |       |     1 ||     1
         Rapier            |       |       |       |    13 ||    13
   Cast: Magic Dart        |    41 |   120 |    46 |    60 ||   267
         Foxfire           |    20 |    12 |    16 |       ||    48
         Searing Ray       |       |     4 |    29 |    24 ||    57
         Iskenderun's Myst |       |     4 |    44 |    98 ||   146
         Fulminant Prism   |       |     3 |    26 |    31 ||    60
         Ensorcelled Hiber |       |       |     6 |    13 ||    19
         Airstrike         |       |       |       |    64 ||    64
 Invoke: Curse Item        |       |       |       |     2 ||     2
    Use: Scroll            |       |       |    11 |    12 ||    23
         Potion            |       |       |     1 |     1 ||     2
   Stab: Sleeping          |     1 |       |     5 |    10 ||    16
 Armour: Robe              |     3 |     2 |     5 |     5 ||    15
         Troll leather arm |       |       |       |     9 ||     9
  Dodge: Dodged            |    16 |    11 |    46 |   105 ||   178
